 Dungeon Crawl Stone Soup version 0.16.1 (webtiles) character file.

2855 Meow the Fighter (level 9, 73/73 HPs)
             Began as an Octopode Wizard on Mar 25, 2015.
             Was an Elder of Okawaru.
             Quit the game on level 8 of the Dungeon.
             The game lasted 00:38:13 (9985 turns).

Meow the Fighter (Octopode Wizard)                  Turns: 9985, Time: 00:38:13

Health: 73/73      AC:  1    Str:  9    XL:     9   Next: 75%
Magic:  16/17      EV: 12    Int: 27    God:    Okawaru [****..]
Gold:   371        SH:  0    Dex: 10    Spells: 6 memorised, 1 level left

rFire  . . .     SeeInvis .     b - +0 lajatang
rCold  . . .     Clarity  .     (no shield)
rNeg   . . .     SustAb   .     p - +0 hat
rPois  .         Gourm    .     (no amulet)
rElec  .         Spirit   .     g - +3 ring of intelligence
rCorr  .         Warding  .     f - +3 ring of strength
rMut   .         Stasis   .     (no ring)
MR     .....                    (no ring)
Stlth  +++.......               (no ring)
                                (no ring)
                                (no ring)
                                (no ring)

@: repel missiles, not resistant to hostile enchantments, fairly stealthy
A: almost no armour, amphibious, 8 rings, constrict 8, camouflage 1, gelatinous
body 1
a: Heroism, Renounce Religion


You were on level 8 of the Dungeon.
You worshipped Okawaru.
Okawaru was greatly pleased with you.
You were very hungry.

You visited 2 branches of the dungeon, and saw 9 of its levels.

You collected 371 gold pieces.

Inventory:

Hand weapons
 a - a +2 whip of venom
 b - a +0 lajatang (weapon)
 c - a +0 falchion
 C - a cursed +0 shortbow
Missiles
 D - 26 arrows
 F - 9 poisoned arrows
Armour
 p - a +0 hat (worn)
Jewellery
 f - a +3 ring of strength (right tentacle)
 g - a +3 ring of intelligence (left tentacle)
 M - an uncursed amulet of rage {unknown}
 N - an uncursed ring of magical power {unknown}
Magical devices
 q - a wand of teleportation (5)
 B - a wand of disintegration (12)
 H - a wand of slowing (21)
 I - a wand of magic darts (41)
 J - a wand of flame (12)
 K - a wand of polymorph (15)
Scrolls
 h - a scroll of enchant armour {unknown}
 i - 6 scrolls of teleportation {unknown}
 j - a scroll of immolation {unknown}
 m - 3 scrolls of remove curse {unknown}
 u - 2 scrolls of recharging {unknown}
 w - a scroll of fog {unknown}
 y - a scroll of magic mapping {unknown}
 z - 3 scrolls of blinking {unknown}
 A - 2 scrolls of identify {unknown}
Potions
 k - a potion of invisibility {unknown}
 l - 3 potions of restore abilities {unknown}
 o - a potion of heal wounds {unknown}
 s - 3 potions of haste {unknown}
 v - a potion of lignification {unknown}
 x - 2 potions of flight {unknown}
 E - a potion of degeneration {unknown}
Books
 L - a book of Minor Magic

   Spells                             Type                      Level
   a - Magic Dart                     Conjuration                  1
   b - Blink                          Translocation                2
   c - Call Imp                       Summoning                    2
   d - Repel Missiles                 Charms/Air                   2
   e - Slow                           Hexes                        2
   f - Conjure Flame                  Conjuration/Fire             3
   g - Mephitic Cloud                 Conjuration/Poison/Air       3
Comestibles
 d - 6 bread rations
 e - 2 meat rations
 n - 5 royal jellies
 r - a slice of pizza
 t - 3 beef jerkies
 G - 2 fruits


   Skills:
 + Level 11.8 Fighting
 + Level 4.9 Long Blades
 - Level 2.0 Dodging
 - Level 2.6 Stealth
 - Level 3.0 Spellcasting
 - Level 1.0 Conjurations
   Level 1.0 Summonings
 - Level 1.0 Translocations


You had one spell level left.
You knew the following spells:

 Your Spells              Type           Power        Failure   Level  Hunger
a - Magic Dart            Conj           #...         8%          1    None
c - Mephitic Cloud        Conj/Pois/Air  #.......     24%         3    ###....
f - Repel Missiles        Chrm/Air       #.....       14%         2    #......
s - Slow                  Hex            #.......     14%         2    #......
t - Blink                 Tloc           N/A          12%         2    #......
F - Conjure Flame         Conj/Fire      #.......     24%         3    ###....


Dungeon Overview and Level Annotations

Branches:
Dungeon (8/15)             Temple (1/1) D:4
   Lair: D:8-11

Altars:
Ashenzari
Cheibriados
Dithmenos
Elyvilon
Fedhas
Gozag
Kikubaaqudgha
Makhleb
Nemelex Xobeh
Okawaru
Qazlal
Ru
Sif Muna
Trog
Vehumet
Xom
Yredelemnul
Zin
The Shining One

Shops:
D:5 [   D:6 }[%*


Innate Abilities, Weirdness & Mutations

You cannot wear most types of armour.
You are amphibious.
You can wear up to eight rings at the same time.
You can use your tentacles to constrict many enemies at once.
Your skin changes colour to match your surroundings (Stealth).
Your rubbery body absorbs attacks (AC +1).


Message History

Okawaru says: Bring me glory in combat!
Press ? for a list of commands and other information.
There is an open door here.
Found a dagger.
Found a scale mail.
You see here a scale mail.
You are feeling very hungry.
A - 2 scrolls labeled TITUDDETEU (gained 1)
An ogre comes into view. It is wielding a giant club.
An ogre is nearby!
An ogre is nearby!
Cast which spell? (? or * to list)
Aiming: Magic Dart
Press: ? - help, Shift-Dir - straight line, f - ogre
Aim: an ogre, wielding a giant club (resting)
The magic dart hits the ogre.
The ogre is lightly wounded.
The ogre shouts!
A kobold comes into view. It is wielding a dagger.
Are you sure you want to abandon this character and quit the game? (Confirm with "yes".)

... ... ..O #'#
#.# #.# ##.##
##...##
#..@..##.##
########.......K#
..........####.##
#########.# #.#
#.# #.# #.#
########### #.#


You could see an ogre and a kobold (wandering).

Vanquished Creatures
  A hungry ghost (D:8)
  Eustachio (D:8)
  A hippogriff (D:8)
  Menkaure (D:6)
  2 orc warriors
  A necrophage (D:7)
  3 centaurs
  2 ogres
  6 phantoms
  A giant frog (D:7)
  A scorpion (D:5)
  2 jellies (D:6)
  A giant frog zombie (D:7)
  2 crimson imps
  A hound (D:4)
  A giant frog skeleton (D:6)
  3 orc priests
  A quasit (D:8)
  An orc wizard (D:7)
  Natasha (thrice) (D:6)
  5 worker ants
  An iguana (D:6)
  Ijyb (D:5)
  Jessica (D:4)
  A hound skeleton (D:6)
  17 adders
  4 gnolls (D:3)
  3 giant mites
  A shadow imp (D:6)
  6 worms
  An adder skeleton (D:5)
  8 giant geckos
  An ooze (D:5)
  24 orcs
  19 bats
  2 bat skeletons
  A bat zombie (D:5)
  8 giant cockroaches
  7 hobgoblins
  4 jackals
  A quokka (D:8)
  A ball python skeleton (D:5)
  A giant gecko skeleton (D:4)
  5 giant newts
  A giant spore (D:8)
  7 goblins
  19 kobolds
  12 rats
  3 ballistomycetes (D:8)
200 creatures vanquished.

Notes
Turn   | Place    | Note
--------------------------------------------------------------
     0 | D:1      | Meow, the Octopode Wizard, began the quest for the Orb.
     0 | D:1      | Reached XP level 1. HP: 11/11 MP: 4/4
   171 | D:1      | Reached skill level 1 in Fighting
   379 | D:1      | Reached XP level 2. HP: 18/18 MP: 0/6
  1236 | D:1      | Reached XP level 3. HP: 25/25 MP: 2/7
  1584 | D:2      | Learned a level 3 spell: Mephitic Cloud
  1587 | D:2      | Learned a level 2 spell: Blink
  1590 | D:2      | Learned a level 2 spell: Repel Missiles
  1833 | D:2      | Reached XP level 4. HP: 31/31 MP: 6/9
  2030 | D:2      | Reached skill level 4 in Fighting
  2471 | D:3      | Noticed a phantom
  2625 | D:4      | Reached XP level 5. HP: 34/38 MP: 11/11
  2694 | D:4      | Found a staircase to the Ecumenical Temple.
  2705 | D:4      | Reached skill level 5 in Fighting
  3207 | Temple   | Entered the Ecumenical Temple
  3356 | Temple   | Became a worshipper of Warmaster Okawaru
  3444 | D:4      | Noticed Jessica
  3453 | D:4      | Found a deep blue altar of Sif Muna.
  3453 | D:4      | Killed Jessica
  3536 | D:4      | Reached XP level 6. HP: 33/45 MP: 12/12
  3639 | D:3      | Reached skill level 6 in Fighting
  4507 | D:3      | Killed a phantom
  4507 | D:3      | Acquired Okawaru's first power
  4858 | D:3      | Reached skill level 7 in Fighting
  4858 | D:3      | Reached XP level 7. HP: 50/54 MP: 2/14
  5166 | D:5      | Entered Level 5 of the Dungeon
  5301 | D:5      | Reached skill level 8 in Fighting
  5564 | D:5      | Reached XP level 8. HP: 62/62 MP: 6/16
  5751 | D:5      | Reached skill level 9 in Fighting
  6076 | D:5      | Noticed Ijyb
  6083 | D:5      | Killed Ijyb
  6124 | D:5      | Found Jaeffuoq's Armour Shoppe.
  6644 | D:6      | Noticed Natasha
  6844 | D:6      | Learned a level 3 spell: Conjure Flame
  6847 | D:6      | Learned a level 2 spell: Slow
  6948 | D:6      | Killed Natasha
  7025 | D:6      | Found Okhles' Assorted Antiques.
  7175 | D:6      | Found Wapussok's Food Boutique.
  7355 | D:6      | Noticed Menkaure
  7366 | D:6      | Killed Menkaure
  7366 | D:6      | Reached skill level 10 in Fighting
  7523 | D:6      | Found Pseod's Gadget Shop.
  7610 | D:6      | Noticed Natasha
  7616 | D:6      | Killed Natasha
  7755 | D:6      | Found Plaghi's Magic Scroll Boutique.
  7937 | D:6      | Found Tianuamu's Armour Emporium.
  8002 | D:6      | Noticed Natasha
  8010 | D:6      | Killed Natasha
  8376 | D:7      | Reached skill level 1 in Long Blades
  8376 | D:7      | Reached XP level 9. HP: 57/71 MP: 14/17
  8456 | D:7      | Reached skill level 11 in Fighting
  9024 | D:8      | HP: 3/72 [adder (3)]
  9067 | D:8      | Noticed Eustachio
  9194 | D:8      | Killed Eustachio
  9985 | D:8      | Quit the game

Action                   |  1- 3 |  4- 6 |  7- 9 || total
-------------------------+-------+-------+-------++-------
Melee: Dagger            |     5 |       |       ||     5
       Whip              |    27 |   122 |   191 ||   340
       Lajatang          |       |    36 |    69 ||   105
Throw: Tomahawk          |     5 |       |       ||     5
 Cast: Magic Dart        |    64 |    39 |   107 ||   210
       Mephitic Cloud    |     2 |    13 |    30 ||    45
       Conjure Flame     |       |       |     4 ||     4
       Repel Missiles    |       |       |     1 ||     1
       Blink             |       |       |     1 ||     1
  Use: Potion            |       |     1 |     2 ||     3
 Stab: Sleeping          |     2 |     9 |     8 ||    19
       Confused          |     1 |     6 |     1 ||     8
  Eat: Chunk             |     3 |     6 |    15 ||    24
       Bread ration      |       |     1 |       ||     1
       Fruit             |       |       |     5 ||     5
